 Dungeon Crawl Stone Soup version 0.31-a0-1616-gbeaec30b81 (webtiles) character file.

Game seed: 3390212891560250918

37 ragingrage the Slasher (level 3, -1/27 HPs)
             Began as a Formicid Warper on Jan 10, 2024.
             Slain by a gnoll
             ... wielding a +0 spear
              (3 damage)
             ... on level 2 of the Dungeon.
             The game lasted 00:02:16 (1323 turns).

ragingrage the Slasher (Formicid Warper)            Turns: 1323, Time: 00:02:17

Health: -1/27      AC:  8    Str: 15    XL:     3   Next: 60%
Magic:  6/6        EV:  7    Int: 12    God:
Gold:   83         SH:  0    Dex: 15    Spells: 6/6 levels left

rFire   . . .        b - +2 whip (venom)
rCold   . . .        (no shield)
rNeg    . . .        e - +0 chain mail
rPois   .            (helmet unavailable)
rElec   .            (no cloak)
rCorr   .            (no gloves)
SInv    +            (no boots)
Will    .....        q - amulet of faith Stlth
                     (no ring)
HPRegen 0.24/turn    (no ring)
MPRegen 0.10/turn

%: faith
@: no status effects
A: permanent stasis, dig shafts and tunnels, antennae 3, four strong arms
a: Dig, Shaft Self


You were on level 2 of the Dungeon.
You visited 1 branch of the dungeon, and saw 2 of its levels.

You collected 83 gold pieces.

Inventory:

Hand Weapons
 a - a +0 short sword of draining
 b - a +2 whip of venom (weapon)
 k - a +0 falchion
Missiles
 c - 7 darts of dispersal (quivered)
 p - 4 atropa-tipped darts
Armour
 e - a +0 chain mail (worn)
 i - a +0 leather armour
Jewellery
 q - an amulet of faith (around neck)
 s - a ring of ice
Scrolls
 d - a scroll of noise {unknown}
 f - a scroll of enchant weapon {unknown}
 j - a scroll of brand weapon {unknown}
 l - a scroll of enchant armour {unknown}
 m - a scroll of fear {unknown}
 n - a scroll of identify {unknown}
Potions
 g - 2 potions of curing {unknown}
 h - a potion of degeneration {unknown}
 o - a potion of cancellation {unknown}
 r - a potion of might {unknown}
 t - a potion of ambrosia {unknown}


   Skills:
 + Level 2.2 Fighting
 - Level 2.9 Long Blades
 + Level 2.0 Maces & Flails
 - Level 1.0 Throwing
 - Level 1.1 Armour
 - Level 1.7 Dodging
 + Level 0.0 Stealth
 - Level 2.1 Spellcasting
 - Level 2.6 Translocations


You had 6 spell levels left.
You didn't know any spells.
Your spell library contained the following spells:

 Spells                   Type           Power      Damage    Failure   Level
 Lesser Beckoning         Tloc           14%        N/A       91%         2
 Teleport Other           Tloc           7%         N/A       99%         3
 Manifold Assault         Tloc           7%         N/A       100%        4
 Blink                    Tloc           Unusable   N/A       N/A         2
 Vhi's Electric Charge    Tloc/Air       Unusable   N/A       N/A         4

Dungeon Overview and Level Annotations

Branches:
Dungeon (2/15)

Altars:

Shops:
D:1 ::(:(


Innate Abilities, Weirdness & Mutations

You cannot be hasted, slowed, berserked, paralysed or teleported.
You can dig through walls and to a lower floor.
You have a pair of large antennae on your head. (SInv)
Your four strong arms can wield two-handed weapons with a shield.


Message History

An endoplasm is nearby!
You hit the endoplasm but do no damage.
The endoplasm hits you but does no damage.
An endoplasm is nearby!
You barely miss the endoplasm. The endoplasm freezes you.
You are frozen.
An endoplasm is nearby!
You hit the endoplasm.
The endoplasm looks as sick as possible!
You kill the endoplasm!
Training target 2.0 for Maces & Flails reached!
Your Maces & Flails skill increases to level 2!
You need to enable at least one skill for training.
You see here a frilled lizard corpse.
There is a faded altar of an unknown god here.
You see here 7 stones.
You sense a monster nearby.
You sense a monster nearby.
You open the door. 4 gnolls come into view.
A gnoll is wielding a +0 spear and quivering a throwing net.
A gnoll is wielding a +0 whip and quivering 2 throwing nets.
The gnoll shouts! x3
The gnoll barely misses you. The gnoll hits you with a +0 flail!
The gnoll hits you but does no damage. The gnoll hits you with a +0 spear!
There is an open door, spattered with blood here.
There are monsters nearby!
You are too injured to fight recklessly!
You are too injured to fight recklessly!
The gnoll hits you but does no damage. x2
You barely miss the gnoll. The gnoll hits you with a +0 flail.
* * * LOW HITPOINT WARNING * * *
The gnoll hits you from afar with a +0 spear.
* * * LOW HITPOINT WARNING * * *
The gnoll barely misses you.
You closely miss the gnoll. The gnoll hits you with a +0 flail.
* * * LOW HITPOINT WARNING * * *
The gnoll hits you from afar with a +0 spear.
You die...

########### ..........#
#########.# ###.###
#.....# #.....# #.....#
#####
########.########g..(#
##..............@gg...+
##.##.....########g...#
##.##.....# ....#
...##.รท...# ....#
#.........# ....#
##.......##### ......
##...........#. ######.
.#...........#.# #.####
#
.#...........#.####....
.. .


You could see 4 gnolls.

Vanquished Creatures
  A dart slug (D:1)
  6 ball pythons
  3 endoplasms (D:2)
  3 goblins
  4 hobgoblins
  A quokka (D:2)
  6 bats
  5 frilled lizards
  3 kobolds (D:1)
  A rat (D:2)
33 creatures vanquished.

Notes
Turn   | Place    | Note
-------+----------+-------------------------------------------
     0 | D:1      | ragingrage the Formicid Warper began the quest for the Orb.
     0 | D:1      | Reached XP level 1. HP: 16/16 MP: 3/3
   230 | D:1      | Found Esethreru's Book Boutique.
   239 | D:1      | Found Weppojev's Book Shop.
   246 | D:1      | Reached XP level 2. HP: 19/22 MP: 5/5
   355 | D:1      | Found Koczowab's Weapon Shop.
   827 | D:1      | Found Oqeehulo's Weapon Shop.
   873 | D:1      | Found Liffaip's Book Shop.
   900 | D:2      | Reached skill level 1 in Maces & Flails
   915 | D:2      | Reached XP level 3. HP: 25/25 MP: 6/6
  1140 | D:2      | Found a faded altar of an unknown god.
  1323 | D:2      | Slain by a gnoll

Illustrated notes

Levels and vault maps discovered:
D:1:      saegor_arrival_simple_c, layout_basic, serial_shops,
          nicolae_shop_trees, nicolae_shop_bloodbath_and_beyond,
          nicolae_shop_crystal, nicolae_lakefront_shop, nicolae_shop_tiny_glass,
          st_stairs_8
D:2:      layout_basic, chequers_ecumenical_altar_simple_redux,
          uniq_crazy_yiuf_cottage

Skill      XL: |  1  2  3 |
---------------+----------+-----
Maces & Flails | 1 2 |  2.0
Fighting       | |  2.2
Long Blades    | |  2.9
Throwing       | |  1.0
Armour         | |  1.1
Dodging        | |  1.7
Spellcasting   | |  2.1
Translocations | |  2.6

Action                     || total
---------------------------++-------
  Melee: Falchion          ||    31
         Whip              ||    68
         Punch             ||     1
 Armour: Leather armour    ||    11
         Chain mail        ||    80
  Dodge: Dodged            ||    45

Table legend: (Time is in decaauts)
 A = Elapsed time spent in this place.
 B = Non-inter-level travel time spent in this place.
 C = Inter-level travel time spent in this place.
 D = Time resting spent in this place.
 E = Time spent auto-exploring this place.
 F = Levels seen in this place.
 G = Mean time per level.
                   A        B        C        D        E       F      G
               +--------+--------+--------+--------+--------+-----+--------+
         Total |   1332 |   1305 |     27 |      0 |   1033 |   2 |  666.0 |
       Dungeon |   1332 |   1305 |     27 |      0 |   1033 |   2 |  666.0 |
               +--------+--------+--------+--------+--------+-----+--------+

Top non-repeatable levels by time:
     D:1: 898 daAuts
     D:2: 434 daAuts
